 Dungeon Crawl Stone Soup version 0.26.1-11-gd32895ea62 (webtiles) character file.

Game seed: 11989900652453735153

889 Almogavar the Stinger (level 8, -4/48 HPs)
             Began as an Octopode Venom Mage on May 18, 2021.
             Was an Initiate of Sif Muna.
             Slain by a sky beast (6 damage)
             ... on level 5 of the Dungeon.
             The game lasted 00:18:50 (5810 turns).

Almogavar the Stinger (Octopode Venom Mage)         Turns: 5810, Time: 00:18:50

Health: -4/48      AC:  1    Str:  8    XL:     8   Next: 6%
Magic:  23/24      EV: 14    Int: 18    God:    Sif Muna [......]
Gold:   152        SH:  0    Dex: 13    Spells: 13/16 levels left

rFire    . . .     SeeInvis .   r - staff of cold
rCold    + . .     Faith    .   (no shield)
rNeg     . . .     Spirit   .   (helmet restricted)
rPois    .         Reflect  .   (no amulet)
rElec    .         Harm     .   l - ring of flight
rCorr    .         Rampage  .   u - ring of magical power
Will     .....                  (no ring)
Stlth    +++.......             (no ring)
HPRegen  0.16/turn              (no ring)
MPRegen  0.19/turn              (no ring)
                                (no ring)
                                (no ring)

@: no status effects
A: almost no armour, stealthy swim, amphibious, 8 rings, constrict 8, camouflage
1, gelatinous body 1
a: Renounce Religion, Evoke Flight


You were on level 5 of the Dungeon.
You worshipped Sif Muna.
Sif Muna was noncommittal.
You visited 2 branches of the dungeon, and saw 6 of its levels.

You collected 152 gold pieces.

Inventory:

Hand Weapons
 g - a +0 dagger
Magical Staves
 r - an uncursed staff of cold (weapon)
Jewellery
 l - a ring of flight (left tentacle)
 u - a ring of magical power (right tentacle)
Wands
 p - a wand of polymorph (6)
 s - a wand of random effects (13)
Scrolls
 d - a scroll of fog
 e - a scroll of fear {unknown}
 f - a scroll of magic mapping {unknown}
 i - a scroll of teleportation
 n - 2 scrolls of remove curse {unknown}
 o - 2 scrolls of enchant armour {unknown}
 t - a scroll of enchant weapon {unknown}
 w - a scroll of blinking {unknown}
Potions
 a - 3 potions of heal wounds
 b - a potion of haste {unknown}
 c - 3 potions of curing {unknown}
 h - 3 potions of cancellation {unknown}
 j - a potion of flight {unknown}
 k - a potion of brilliance {unknown}
 m - a potion of might {unknown}
 q - a potion of degeneration {unknown}
 v - a potion of invisibility {unknown}


   Skills:
 + Level 1.0 Fighting
 + Level 1.5 Staves
 + Level 2.7 Dodging
 + Level 3.9 Stealth
 + Level 4.9 Spellcasting
 + Level 3.7 Transmutations
 + Level 2.0 Air Magic
 + Level 6.5 Poison Magic


You had 13 spell levels left.
You knew the following spells:

 Your Spells              Type           Power        Failure   Level
a - Sting                 Tmut/Pois      88%          1%          1
b - Poisonous Vapours     Pois/Air       38%          3%          2

Your spell library contained the following spells:

 Spells                   Type           Power        Failure   Level
 Olgreb's Toxic Radiance  Pois           27%          9%          4
 Ignite Poison            Fire/Tmut/Pois 16%          10%         3
 Mephitic Cloud           Conj/Pois/Air  14%          12%         3


Dungeon Overview and Level Annotations

Branches:
Dungeon (5/15)             Temple (1/1) D:4

Altars:
Ashenzari
Cheibriados
Dithmenos
Elyvilon
Fedhas
Gozag
Hepliaklqana
Kikubaaqudgha
Makhleb
Nemelex Xobeh
Okawaru
Qazlal
Ru
Sif Muna
Trog
Uskayaw
Vehumet
Wu Jian
Xom
Yredelemnul
Zin
The Shining One

Shops:
D:4 !


Innate Abilities, Weirdness & Mutations

You cannot wear most types of armour.
You are very stealthy in the water. (Stealth+)
You are amphibious.
You can wear up to eight rings at the same time.
You can use your tentacles to constrict eight enemies at once.
Your skin changes colour to match your surroundings (Stealth+).
Your rubbery body absorbs attacks. (AC +1, EV +1)


Message History

You hit the sky beast but do no damage.
You squeeze the sky beast, but do no damage.
The sky beast is lightly wounded.
The sky beast hits you. The sky beast shocks you.
* * * LOW HITPOINT WARNING * * *
The sky beast hits you.
* * * LOW HITPOINT WARNING * * *
The sky beast shocks you.
* * * LOW HITPOINT WARNING * * *
Casting: Sting (safe; 1% risk of failure)
Confirm with . or Enter, or press ? or * to list all spells.
Aiming: Sting (safe; 1% risk of failure)
Press: ? - help, Shift-Dir - straight line, f/p - sky beast
Aim: a sky beast (lightly wounded, 33% to evade)
The sting hits the sky beast.
The sky beast is poisoned.
The sky beast is moderately wounded.
The sky beast hits you.
* * * LOW HITPOINT WARNING * * *
The sky beast shocks you.
You die...

.##.###.### #†##.###
..........# #[.....#
.######.#.# #.######
..........# #.#
.####.#...# #.######
########...###...[..#
...................##
##########.#########
.............@Y..#
........>#######.#
..............<#.#
#.##############.# #
.. .# ##


You could see a sky beast (poisoned).

Vanquished Creatures
  A centaur (D:5)
  3 ogres
  A bullfrog skeleton (D:4)
  A centaur skeleton (D:4)
  An orc priest (D:4)
  3 iguanas (D:4)
  2 worker ants (D:4)
  5 orc wizards
  Ijyb (D:3)
  A hound skeleton (D:4)
  3 adders
  3 gnolls (D:4)
  2 oozes
  A worm (D:4)
  An adder skeleton (D:4)
  A dart slug (D:3)
  5 leopard geckos
  17 orcs
  2 giant cockroaches (D:2)
  11 goblins
  8 hobgoblins
  A quokka (D:4)
  5 bats
  3 frilled lizards
  4 kobolds
  7 rats
93 creatures vanquished.

Vanquished Creatures (others)
  8 plants (D:2)
8 creatures vanquished.

Grand Total: 101 creatures vanquished

Notes
Turn   | Place    | Note
-------+----------+-------------------------------------------
     0 | D:1      | Almogavar the Octopode Venom Mage began the quest for the
                  | Orb.
     0 | D:1      | Reached XP level 1. HP: 11/11 MP: 3/3
   294 | D:1      | Reached skill level 4 in Poison Magic
   294 | D:1      | Reached XP level 2. HP: 17/17 MP: 0/5
  1146 | D:1      | Found a glowing golden altar of the Shining One.
  1361 | D:2      | Reached XP level 3. HP: 19/21 MP: 2/6
  1703 | D:2      | Learned a level 2 spell: Poisonous Vapours
  1996 | D:2      | Found a faded altar of an unknown god.
  2076 | D:2      | Reached XP level 4. HP: 26/27 MP: 2/7
  2595 | D:3      | Noticed Ijyb
  2602 | D:3      | Killed Ijyb
  2603 | D:3      | Reached XP level 5. HP: 31/31 MP: 2/9
  2890 | D:3      | Reached skill level 5 in Poison Magic
  2899 | D:3      | Reached skill level 1 in Air Magic
  3554 | D:4      | Reached XP level 6. HP: 20/36 MP: 1/11
  4043 | D:4      | Reached XP level 7. HP: 42/42 MP: 9/13
  4076 | D:4      | Found Filaixettu's Distillery.
  4219 | D:4      | Found a staircase to the Ecumenical Temple.
  4238 | Temple   | Entered the Ecumenical Temple
  4414 | Temple   | Became a worshipper of Sif Muna the Loreminder
  4529 | D:4      | Found a shadowy altar of Dithmenos.
  4590 | D:4      | Reached skill level 6 in Poison Magic
  5046 | D:4      | Reached skill level 1 in Staves
  5416 | D:5      | Entered Level 5 of the Dungeon
  5467 | D:5      | Reached skill level 1 in Fighting
  5467 | D:5      | Reached XP level 8. HP: 5/48 MP: 15/15
  5810 | D:5      | HP: 2/48 [sky beast (1)]
  5810 | D:5      | Slain by a sky beast

Illustrated notes

Levels and vault maps discovered:
D:1:      psy_arrival_terrarium, layout_loops_corners, tso_altar
D:2:      layout_rooms, chequers_ecumenical_altar_lobes
D:3:      layout_rooms, st_stairs_13, feat_on_display, uniq_ijyb
D:4:      layout_loops_corners, kennysheep_mini_moat,
          minmay_temple_entry_gardened_gates, serial_shops, shop
D:5:      layout_basic
Temple:   kilobyte_greek_temple

Skill      XL: |  1  2  3  4  5  6  7 |
---------------+----------------------+-----
Poison Magic   | 4 5 6 |  6.5
Transmutations | 2 3 |  3.7
Spellcasting   | 3 4 |  4.9
Stealth        | 3 |  3.9
Air Magic      | 1 2 |  2.0
Staves         | 1 |  1.5
Fighting       | 1 |  1.0
Dodging        | |  2.7

Action                   |  1- 3 |  4- 6 |  7- 9 || total
-------------------------+-------+-------+-------++-------
Melee: Unarmed           |    23 |       |       ||    23
       Constrict         |     9 |     6 |     7 ||    22
       Tentacles         |     4 |     2 |    10 ||    16
       Dagger            |    14 |    17 |       ||    31
       Staff             |       |     1 |    33 ||    34
 Cast: Sting             |    59 |    45 |    26 ||   130
       Poisonous Vapours |     2 |    30 |    13 ||    45
  Use: Scroll            |       |     2 |     1 ||     3
 Stab: Sleeping          |       |     1 |     3 ||     4
Armor: Skin              |     7 |     1 |     5 ||    13
Dodge: Dodged            |    40 |    18 |    18 ||    76
